Map: Backwater LE

Players

Darmock - Winner!

  • Race: Terran Terran
  • League: Gold
  • Spawn Location: 5:00

fruitcake

  • Race: Terran Terran
  • Spawn Location: 11:00

VOD

Have the link to the VOD?

Description

Time

  • Played on: May 12, 2018, 9:57 a.m.
  • Length: 30:17
Show
View Real Time Build Order
Export as new Build Order

Darmock Terran - Winner!

Build Orders:  

Get SALT Encoding   

  12  0:03  SCV  
  13  0:15  SCV  
  14  0:23  Supply Depot  
  14  0:28  SCV  
  15  0:30  Supply Depot  
  15  0:48  Barracks  
  15  0:57  Barracks  
  15  1:00  SCV  
  16  1:13  SCV  
  16  1:15  Refinery  
  17  1:24  Refinery  
  17  1:25  SCV  
  18  1:35  Marine  
  18  1:37  SCV  
  20  1:44  Marine  
  21  1:49  SCV  
  21  1:53  Marine  
  23  2:01  Orbital Command  
  23  2:02  Marine  
  24  2:13  Barracks Reactor  
  24  2:20  Barracks Reactor  
  24  2:34  Supply Depot  
  24  2:36  SCV  
  25  2:49  SCV  
  26  2:53  Marine x2  
  26  2:57  Marine x2, Supply Depot  
  30  3:01  SCV  
  31  3:11  Marine x2  
  33  3:14  Marine  
  33  3:15  Marine  
  34  3:20  Supply Depot  
  34  3:32  SCV  
  35  3:39  Factory  
  35  3:41  Command Center  
  35  3:42  Marine x3  
  35  3:43  Marine  
  35  3:44  SCV  
  40  3:50  Supply Depot  
  40  4:00  Marine x4  
  44  4:13  Supply Depot  
  44  4:24  Factory Tech Lab  
  44  4:31  Starport  
  44  4:35  Engineering Bay  
  44  4:41  SCV  
  45  4:46  Siege Tank  
  48  4:53  SCV  
  46  5:04  Planetary Fortress  
  46  5:05  SCV  
  47  5:11  Terran Infantry Weapons Level 1  
  47  5:18  SCV, Siege Tank  
  47  5:20  Starport  
  51  5:27  Starport  
  51  5:28  Starport Reactor  
  51  5:30  SCV  
  52  5:41  SCV  
  52  5:42  SCV  
  54  5:53  SCV  
  54  5:54  SCV  
  56  5:57  Siege Tank  
  56  6:00  Marine x4  
  63  6:06  SCV x2, Starport Tech Lab x2  
  65  6:18  SCV x2  
  67  6:21  Supply Depot  
  67  6:23  Supply Depot  
  67  6:30  SCV  
  68  6:46  Missile Turret, Supply Depot  
  68  6:47  Refinery  
  68  6:49  Refinery  
  68  6:50  Marine  
  68  6:51  Marine x3  
  72  6:54  Cloaking Field  
  72  7:05  Terran Infantry Armor Level 1  
  72  7:08  Marine, Missile Turret  
  72  7:09  Marine x3  
  72  7:11  SCV  
  72  7:13  Missile Turret  
  72  7:14  SCV  
  78  7:23  SCV  
  78  7:26  SCV  
  80  7:31  Viking  
  80  7:32  Missile Turret, Viking x3  
  80  7:35  Missile Turret  
  88  7:38  Marine  
  88  7:39  Marine x3  
  92  7:52  Command Center  
  92  7:53  Siege Tank  
  92  7:56  Marine x2  
  92  7:57  Marine x2  
  99  8:04  Starport  
  99  8:05  Starport  
  99  8:35  Armory  
  99  8:36  Armory  
  99  8:57  Starport Tech Lab x2  
  99  9:25  Missile Turret x2  
  99  9:28  Viking x4  
  99  9:29  Viking x2  
  111  9:38  Orbital Command  
  111  9:42  Marine x4  
  115  9:48  Terran Ship Weapons Level 1, Terran Vehicle Weapons Level 1, Missile Turret  
  115  9:49  Missile Turret  
  115  9:59  Marine  
  115  10:00  Marine x3  
  119  10:11  Missile Turret  
  119  10:13  Terran Infantry Weapons Level 2  
  119  10:14  Missile Turret  
  119  10:17  Marine x2  
  119  10:18  Marine x2  
  123  10:25  Missile Turret  
  123  10:27  Missile Turret  
  123  10:28  Missile Turret  
  123  10:31  Missile Turret  
  123  10:34  Missile Turret  
  123  10:35  Marine x3  
  123  10:36  Marine  
  123  10:37  Missile Turret  
  100  10:48  Missile Turret  
  75  10:53  Marine x3  
  75  10:54  Marine  
  61  11:11  Marine x4  
  51  11:28  Banshee  
  51  11:29  Marine x4, Banshee x3  
  67  11:39  Siege Tank  
  70  11:46  Marine  
  70  11:47  Marine x3  
  71  11:48  Terran Ship Weapons Level 2  
  71  11:49  Terran Vehicle And Ship Armor Level 1  
  74  12:04  Marine x2  
  74  12:05  Marine x2  
  78  12:11  Banshee  
  78  12:12  Banshee x3  
  90  12:22  Marine x3  
  91  12:23  Marine  
  91  12:54  Banshee x2  
  91  12:55  Banshee x2  
  103  13:07  Command Center  
  103  13:18  Marine  
  103  13:19  Marine x3  
  107  13:36  Marine x2  
  107  13:37  Marine x2  
  110  13:54  Marine x3  
  110  13:55  Marine  
  108  14:12  Marine x4  
  82  14:30  Marine x4  
  86  14:37  Viking x3  
  86  14:38  Command Center, Viking x3  
  95  15:08  Terran Infantry Armor Level 2  
  95  15:11  Marine x3  
  95  15:12  Marine  
  99  15:23  Planetary Fortress  
  63  15:44  Siege Tank  
  62  15:51  Planetary Fortress  
  62  16:12  Marine x4  
  66  16:20  Siege Tank  
  69  16:29  Marine x2  
  69  16:30  Marine x2  
  73  16:47  Marine x3  
  73  16:48  Marine  
  65  17:05  Marine x3  
  65  17:06  Marine  
  69  17:14  Viking x6  
  81  17:23  Marine x4  
  81  17:24  Refinery  
  81  17:26  SCV, Refinery  
  86  17:37  Terran Vehicle Weapons Level 2  
  86  17:38  SCV  
  86  17:40  Terran Vehicle And Ship Armor Level 2  
  86  17:41  Marine x4, Refinery  
  91  17:50  SCV  
  92  17:58  Marine  
  92  17:59  Marine x3  
  96  18:16  Refinery  
  96  18:18  Marine x2  
  96  18:19  Marine x2  
  100  18:30  Viking  
  100  18:31  Viking x5  
  112  18:36  Marine x3  
  112  18:37  Marine  
  116  19:03  Command Center  
  116  19:13  Viking x3  
  116  19:14  Viking x3  
  128  19:43  Viking x3  
  128  19:44  Viking x3  
  120  21:02  Viking x2  
  120  21:03  Viking x4  
  128  21:16  Planetary Fortress  
  128  21:20  Marine x3  
  128  21:21  Marine  
  132  21:25  Terran Ship Weapons Level 3  
  132  21:26  Terran Vehicle And Ship Armor Level 3  
  132  21:28  Terran Infantry Weapons Level 3  
  132  21:38  Marine x4  
  136  21:43  Missile Turret  
  136  21:45  Missile Turret  
  136  21:56  Marine x4  
  140  22:05  Missile Turret  
  140  22:07  Missile Turret  
  140  22:14  Marine x4, Viking x2  
  140  22:15  Viking x4  
  156  22:26  Missile Turret  
  142  23:20  Viking x6  
  154  23:36  Refinery  
  154  23:43  Refinery  
  154  23:50  Viking x6  
  166  24:05  Terran Infantry Armor Level 3  
  144  24:38  Viking x3  
  146  24:39  Viking x3  
  156  25:08  Viking x4  
  156  25:09  Viking x2  
  132  25:39  Viking  
  132  25:40  Viking x5  
  144  26:00  Terran Vehicle Weapons Level 3  
  144  26:14  Command Center  
  144  26:26  Viking x5  
  144  26:27  Viking  
  148  26:58  Viking x4  
  148  26:59  Viking x2  
  160  27:05  Building Armor  
  138  28:46  Viking  
  138  28:47  Viking x4  
  138  28:48  Viking  
  140  28:53  Planetary Fortress  
  140  29:17  Viking x5  
  140  29:18  Viking  
  152  29:31  Thor  
  158  29:39  Refinery  
  158  29:41  Refinery  
Show
View Real Time Build Order
Export as new Build Order

fruitcake Terran 

Build Orders: MMM Bio 

Get SALT Encoding   

  12  0:00  SCV  
  13  0:14  Supply Depot  
  13  0:18  SCV  
  14  0:32  SCV  
  14  0:34  Refinery  
  15  0:44  SCV  
  16  0:52  Barracks  
  16  0:56  SCV  
  17  1:08  SCV  
  18  1:19  Barracks  
  18  1:21  SCV  
  19  1:36  Engineering Bay  
  19  1:40  SCV  
  19  1:42  Marine  
  19  1:44  Supply Depot  
  21  1:54  SCV  
  22  2:01  Terran Infantry Weapons Level 1  
  22  2:09  SCV  
  22  2:11  Bunker  
  23  2:16  Barracks Reactor  
  23  2:18  Refinery  
  23  2:21  Marine  
  24  2:39  Marine  
  25  2:49  Orbital Command  
  25  2:57  Marine, Missile Turret  
  26  3:05  Marine x2  
  27  3:29  Barracks Reactor  
  27  3:38  Marine x2  
  29  3:50  Engineering Bay  
  29  3:54  Barracks  
  29  3:56  Marine x2  
  31  4:14  Supply Depot  
  31  4:20  Marine x2  
  31  4:21  Marine x2  
  35  4:27  Terran Infantry Armor Level 1  
  35  4:38  Marine x4  
  35  4:44  Barracks Tech Lab  
  39  4:56  Marine x4  
  43  5:06  Stimpack  
  43  5:14  Marine x4  
  43  5:18  Command Center  
  47  5:33  Factory  
  47  5:36  Supply Depot  
  47  5:58  Marine x5  
  52  6:05  Supply Depot  
  52  6:10  Supply Depot  
  52  6:15  Marine x2  
  52  6:16  Marine  
  55  6:27  Marine, Marauder  
  55  6:32  Armory  
  58  6:33  Marine  
  59  6:40  SCV  
  59  6:42  Marine  
  59  6:45  Factory Tech Lab  
  61  6:52  SCV  
  62  6:56  Marine x3, Marauder  
  62  7:00  Marine  
  68  7:02  SCV  
  68  7:04  SCV  
  70  7:13  Marine  
  70  7:15  SCV  
  72  7:18  Marauder  
  72  7:19  Terran Infantry Weapons Level 2  
  74  7:28  Marine x2  
  76  7:31  Concussive Shells  
  76  7:39  Marauder  
  76  7:41  Terran Infantry Armor Level 2  
  76  7:43  Supply Depot  
  78  7:44  SCV  
  78  7:47  SCV  
  80  7:56  SCV  
  81  7:59  SCV  
  81  8:04  Refinery  
  82  8:09  SCV, Missile Turret  
  82  8:11  SCV  
  82  8:12  Marine, Refinery  
  85  8:14  Marine  
  86  8:23  Marine x2, SCV, Supply Depot  
  86  8:25  Marine  
  90  8:30  Marine  
  90  8:32  Siege Tank  
  94  8:49  Missile Turret  
  94  8:54  Missile Turret  
  94  8:56  SCV  
  94  8:57  Missile Turret, Orbital Command  
  95  9:03  Marine  
  95  9:04  Siege Tank  
  95  9:05  Marine  
  95  9:08  SCV  
  101  9:11  Marine  
  102  9:22  Combat Shields  
  102  9:23  Supply Depot  
  102  9:35  Supply Depot  
  102  9:44  Marine  
  102  9:45  SCV, Marine x2  
  104  9:46  Marine, Marauder  
  109  9:57  SCV  
  110  10:02  Marine, Terran Infantry Weapons Level 3  
  110  10:03  Marine  
  110  10:06  Marine  
  113  10:07  Marine, Marauder  
  116  10:20  Marine  
  117  10:21  Marine  
  118  10:38  Marine  
  118  10:39  Marine, Marauder  
  66  11:07  Marine x2, Widow Mine  
  66  11:08  Marine x2, Marauder  
  66  11:25  Marine x4  
  63  11:29  Marauder  
  70  11:43  Marine x4  
  72  11:50  Terran Infantry Armor Level 3  
  72  11:51  Marauder  
  74  12:01  Marine x4  
  78  12:12  Marauder  
  80  12:19  Marine x4  
  84  12:33  Marauder  
  84  12:35  Barracks  
  84  12:36  Marine  
  84  12:37  Marine x3  
  72  12:54  Marine x3, Thor  
  72  12:55  Marine, Marauder  
  76  13:12  Marine x4  
  78  13:16  Marauder  
  82  13:22  Barracks  
  82  13:30  Marine x4  
  86  13:37  Marine, Barracks Reactor  
  87  13:48  Marine x4  
  93  13:55  Marauder  
  85  14:05  Marine  
  85  14:06  Marine x3  
  78  14:17  Marauder  
  78  14:21  Marine  
  78  14:22  Marine  
  78  14:23  Marine x3  
  78  14:24  Marine, Thor  
  83  14:27  Barracks Reactor  
  91  14:38  Marauder  
  91  14:39  Marine x2  
  91  14:41  Marine x4  
  80  14:57  Marine x2  
  80  14:59  Marine x4  
  88  15:00  Marauder  
  88  15:01  Terran Vehicle Weapons Level 1  
  88  15:06  Thor  
  94  15:19  Command Center  
  96  15:21  Marauder  
  96  15:25  Marine  
  96  15:27  Marine  
  96  15:38  Refinery  
  96  15:42  Marauder  
  78  15:48  Marine  
  78  15:49  Marine x5  
  87  15:50  Siege Tank  
  87  15:52  Marine x2  
  89  16:02  SCV x2  
  89  16:04  Marauder  
  93  16:14  SCV, Refinery  
  93  16:16  Marine x6  
  93  16:17  Marine  
  101  16:20  Marine  
  101  16:22  Siege Tank  
  101  16:25  Marauder  
  107  16:30  Supply Depot  
  108  16:41  Orbital Command  
  108  16:45  SCV x2  
  108  16:46  Marine x2, Marauder  
  112  16:47  Marine  
  105  16:57  SCV  
  102  17:08  Marauder  
  104  17:15  Command Center  
  104  17:25  Refinery  
  104  17:29  Sensor Tower, Marauder  
  106  17:37  Marine x3  
  106  17:38  Marine  
  106  17:42  Sensor Tower  
  106  17:43  Sensor Tower  
  110  17:51  Marauder  
  112  18:00  Thor  
  112  18:02  Marine  
  112  18:03  Marine  
  120  18:12  Marauder  
  122  18:25  Missile Turret, Refinery  
  122  18:27  Missile Turret  
  122  18:33  Marauder  
  124  18:38  Missile Turret  
  124  18:49  Refinery  
  124  19:04  SCV x4  
  124  19:07  Marine x3  
  124  19:08  Marauder  
  133  19:16  SCV x4  
  137  19:24  Command Center  
  137  19:28  SCV x2  
  137  19:29  Marauder  
  141  19:34  Terran Vehicle Weapons Level 2  
  141  19:38  Marine  
  142  19:40  Siege Tank  
  142  19:43  SCV  
  146  19:50  Marauder  
  145  20:02  Marine x3  
  132  21:13  Command Center  
  132  21:31  Supply Depot  
  132  21:50  Terran Vehicle And Ship Armor Level 1  
  132  21:52  Marine  
  132  21:53  SCV x2, Siege Tank, Supply Depot, Marauder  
  140  22:01  Starport  
  140  22:07  Missile Turret  
  140  22:15  Marine x3, Marauder  
  145  22:16  Supply Depot  
  145  22:17  SCV x3, Refinery  
  148  22:25  SCV, Thor  
  148  22:26  Orbital Command  
  148  22:29  SCV, Missile Turret  
  156  22:30  Supply Depot  
  156  22:36  Refinery  
  156  22:37  Marauder, Starport  
  158  22:41  Refinery  
  156  22:47  Missile Turret  
  150  22:53  Supply Depot, Orbital Command  
  137  23:07  Missile Turret, Thor  
  137  23:11  Medivac  
  145  23:13  Medivac  
  145  23:16  Starport  
  145  23:18  SCV  
  148  23:30  SCV  
  149  23:41  Medivac  
  149  23:42  SCV  
  149  23:43  Medivac  
  149  23:44  Terran Vehicle Weapons Level 3  
  154  23:50  Thor  
  154  23:55  SCV  
  161  23:59  Medivac  
  162  24:11  Medivac  
  162  24:13  Medivac  
  163  24:29  Medivac  
  153  24:41  Medivac  
  153  24:43  Medivac  
  157  24:53  Supply Depot  
  157  25:14  Marine x4, Medivac x2  
  157  25:17  Supply Depot  
  165  25:23  Marine  
  165  25:24  Marauder  
  165  25:25  Marine  
  165  25:26  Marine x2  
  165  25:27  Medivac  
  165  25:28  Thor  
  159  25:32  Marine x2  
  152  25:40  Supply Depot  
  152  25:41  Marine  
  152  25:42  Command Center  
  153  25:43  Marine  
  153  25:44  Medivac x2  
  153  25:45  Marine x4, Marauder  
  164  25:50  Marine x2  
  166  25:57  Medivac  
  166  26:03  Supply Depot  
  168  26:06  Marauder  
  168  26:11  Thor  
  170  26:12  Marine  
  170  26:14  Medivac  
  170  26:16  Marine, Refinery  
  180  26:27  Medivac, Supply Depot  
  180  26:28  Marauder  
  117  26:40  Refinery  
  102  26:49  Marauder  
  102  26:50  Supply Depot  
  102  26:51  Marine x2  
  102  26:53  Marine  
  102  26:54  Thor  
  113  27:08  Marine x2  
  113  27:09  Marine x4  
  113  27:11  Marine, Marauder  
  113  27:13  Supply Depot  
  122  27:31  Command Center  
  122  27:32  Marauder  
  119  27:42  Marine x2  
  119  27:43  Marine x4  
  125  27:53  Marauder  
  114  28:15  Marauder  
  76  28:36  Marauder  
  67  28:48  Marine x5  
  67  28:49  Marine  
  67  28:50  Medivac x3  
  78  28:57  Marauder  
  80  29:05  Barracks Reactor  
  80  29:09  Marine  
  81  29:19  Marauder  
  81  29:20  Medivac  
  81  29:21  SCV x2  
  87  29:31  Marine  
  88  29:38  Marine x3  
  88  29:40  Marauder  
  93  29:52  Marine x2  
Tags
 
Composition
MMM Bio
League
Gold
Matchup
TvT
Race
Terran
Spawn Locations
Cross Positions
Add a new tag
Caveats
  • Supply blocks, unpowered buildings, or Contaminate may cause inaccurate times.
  • Supply counts are checked every 10 seconds.